 Dungeon Crawl Stone Soup version 0.21-a0-442-g848f44b (webtiles) character file.

38 vishdafish the Skirmisher (level 3, 0/34 HPs)
             Began as a Naga Fighter on Nov 13, 2017.
             Was an Initiate of Cheibriados.
             Slain by a goblin
             ... wielding a +0 club
              (3 damage)
             ... on level 2 of the Dungeon.
             The game lasted 00:01:45 (1317 turns).

vishdafish the Skirmisher (Naga Fighter)            Turns: 1317, Time: 00:01:45

Health: 0/34       AC:  5    Str: 24    XL:     3   Next: 43%
Magic:  3/3        EV:  6    Int: 10    God:    Cheibriados [......]
Gold:   36         SH:  9    Dex: 15    Spells: 2/2 levels left

rFire    + . .     SeeInvis +   a - +0 trident
rCold    + . .     Gourm    .   c - +0 shield
rNeg     . . .     Faith    .   b - +0 scale mail
rPois    +         Spirit   .   r - +0 helmet
rElec    .         Reflect  .   o - scarf {rC+ rF+}
rCorr    .         Harm     .   (no gloves)
MR       .....                  (no barding)
Stlth    ..........             (no amulet)
HPRegen  0.11/turn              q - +4 ring of dexterity
MPRegen  0.08/turn              (no ring)

@: mighty, very slow
A: see invisible, deformed body, poison resistance, slowness 2, slow metabolism
1, spit poison 1, AC +1
a: Spit Poison, Bend Time, Renounce Religion


You were on level 2 of the Dungeon.
You worshipped Cheibriados.
Cheibriados was noncommittal.
You were very hungry.

You visited 1 branch of the dungeon, and saw 2 of its levels.

You collected 36 gold pieces.

Inventory:

Hand Weapons
 a - a +0 trident (weapon)
Armour
 b - a +0 scale mail (worn)
 c - a +0 shield (worn)
 o - a scarf of resistance (worn)
 r - a +0 helmet (worn)
Jewellery
 q - a +4 ring of dexterity (left hand)
Scrolls
 e - 2 scrolls of magic mapping {unknown}
 g - 2 scrolls of identify {unknown}
 l - 2 scrolls of teleportation {unknown}
 p - a scroll of recharging {unknown}
Potions
 h - a potion of heal wounds {unknown}
 j - 2 potions of agility {unknown}
 k - a potion of flight {unknown}
 m - a potion of lignification {unknown}
Comestibles
 f - 2 bread rations
 i - a royal jelly
 n - 4 fruits


   Skills:
 + Level 3.2 Fighting
 * Level 2.7 Polearms
 + Level 2.6 Armour
 + Level 0.7 Dodging
 + Level 2.6 Shields


You had 2 spell levels left.
You didn't know any spells.

Dungeon Overview and Level Annotations

Branches:
Dungeon (2/15)

Altars:
Cheibriados
Qazlal
Trog
Xom


Innate Abilities, Weirdness & Mutations

You cannot wear boots.
Your serpentine skin is tough. (AC +1)
You have supernaturally acute eyesight. (SInv)
Armour fits poorly on your strangely shaped body.
Your system is resistant to poisons. (rPois)
You cover ground very slowly.
You have a slow metabolism.
You can spit poison.


Message History

You barely miss the hobgoblin.
The hobgoblin is severely wounded.
You block the hobgoblin's attack.
You puncture the hobgoblin!
You kill the hobgoblin!
Cheibriados thoroughly appreciates the change of pace.
The goblin unwields an uncursed club.
The goblin wields a hunting sling.
The goblin shoots a stone.
The stone hits you.
* * * LOW HITPOINT WARNING * * *
You miss the frilled lizard.
You block the frilled lizard's attack. x2
You puncture the frilled lizard!
You kill the frilled lizard!
Cheibriados appreciates the change of pace.
You closely miss the goblin.
The goblin unwields an uncursed hunting sling.
The goblin wields an uncursed club.
The goblin hits you but does no damage.
You barely miss the goblin. The goblin hits you but does no damage.
You closely miss the goblin.
The goblin hits you with an uncursed club.
You die...

#.#.##.# ...
#.#....###.... #
####.............
####
...........).....
+...
##......##.....
#### #......#
..... # ##..####
#[..
_.####..#####.##..
........gg@....#
#+#
.....###.#######
#.# .... #.# #.#
... #.# ##.## ..
#.# ##...##### .
#.#
#####........###
#..
.........###....
### ######.##
##### #.#


You could see a hobgoblin and a goblin.

Vanquished Creatures
  2 adders (D:2)
  A leopard gecko (D:1)
  A bat (D:1)
  2 giant cockroaches
  A goblin (D:2)
  3 hobgoblins (D:2)
  3 jackals (D:2)
  2 frilled lizards
  A kobold (D:2)
  2 rats
18 creatures vanquished.

Notes
Turn   | Place    | Note
-------+----------+-------------------------------------------
     0 | D:1      | vishdafish the Naga Fighter began the quest for the Orb.
     0 | D:1      | Reached XP level 1. HP: 21/21 MP: 1/1
   825 | D:2      | Reached XP level 2. HP: 27/28 MP: 2/2
   975 | D:2      | Found a shimmering altar of Xom.
   975 | D:2      | Found a bloodstained altar of Trog.
   975 | D:2      | Found a snail-covered altar of Cheibriados.
  1127 | D:2      | Became a worshipper of Cheibriados the Contemplative
  1210 | D:2      | Reached XP level 3. HP: 22/34 MP: 3/3
  1304 | D:2      | Found a stormy altar of Qazlal.
  1317 | D:2      | Slain by a goblin

Vault maps used:
D:1:      lightli_arrival_quake, minmay_misc_feat_iff
D:2:      gammafunk_temple_overflow_claw, grunt_temple_overflow_open,
          first_bread

Action                   || total
-------------------------++-------
Melee: Trident           ||    94
  Use: Potion            ||     1
Armor: Scale mail        ||    36
Dodge: Dodged            ||    17
Block: Shield            ||    49

Table legend:
 A = Spawn XP
 B = Non-spawn XP
 C = Spawn XP percentage of total XP
 D = Spawn monster count
 E = Non-spawn monster count
 F = Spawn count percentage of total count
 G = Total turns spent on level
                    A         B        C        D         E        F      G
               +---------+---------+-------+---------+---------+-------+---------
         Total |       0 |      55 |   0.0 |       0 |      18 |   0.0 |  1317
               +---------+---------+-------+---------+---------+-------+---------
           D:1 |       0 |       9 |   0.0 |       0 |       5 |   0.0 |   786
           D:2 |       0 |      46 |   0.0 |       0 |      13 |   0.0 |   531
               +---------+---------+-------+---------+---------+-------+---------
